Map: King Sejong Station LE

Players

Zerghamdi - Winner!

  • Race: Zerg Zerg
  • League: Master

Aegwynn

  • Race: Zerg Zerg
  • League: Master

VOD

https://www.youtube.com/channel/UCcSgNfDNxvyisU-eCj9xyNg/playlists

Description

Time

  • Played on: Aug. 27, 2016, 8:33 a.m.
  • Length: 7:58
Show
View Real Time Build Order
Export as new Build Order

Zerghamdi Zerg - Winner!

Build Orders: Hatch First, Zergling Baneling 

Get SALT Encoding   

  12  0:00  Drone  
  13  0:13  Overlord  
  13  0:17  Drone  
  14  0:31  Drone x2  
  14  0:35  Drone  
  17  0:52  Hatchery  
  16  0:57  Drone  
  17  1:11  Spawning Pool  
  16  1:14  Drone  
  17  1:18  Extractor  
  17  1:24  Drone x2  
  18  1:32  Drone  
  19  1:44  Drone  
  20  1:53  Overlord  
  20  1:57  Queen  
  22  2:07  Queen  
  22  2:08  Zergling x2  
  25  2:09  Zergling x2  
  25  2:12  Drone  
  27  2:17  Drone  
  27  2:20  Metabolic Boost  
  28  2:24  Drone  
  29  2:43  Hatchery  
  28  2:47  Drone  
  29  2:52  Baneling Nest  
  29  2:54  Drone  
  29  2:57  Drone  
  30  3:00  Drone  
  31  3:09  Queen  
  31  3:12  Drone  
  34  3:16  Overlord  
  33  3:29  Zergling x8  
  33  3:33  Overlord  
  36  3:35  Zergling x4  
  36  3:39  Drone  
  36  3:41  Zergling x2  
  40  3:45  Zergling x4  
  42  3:51  Baneling x2  
  42  3:54  Zergling x6  
  45  3:57  Zergling x2  
  45  3:59  Baneling x2  
  45  4:01  Zergling x4  
  46  4:04  Zergling x2  
  46  4:12  Zergling x4  
  42  4:27  Zergling x4  
  42  4:28  Zergling x6  
  42  4:31  Zergling x6  
  50  4:37  Drone x3  
  51  4:38  Drone  
  51  4:47  Roach Warren  
  51  4:52  Baneling x5  
  50  5:01  Drone x3  
  50  5:03  Drone x2  
  49  5:18  Baneling x2  
  49  5:19  Drone x2  
  49  5:20  Drone x3  
  51  5:23  Zergling x2  
  51  5:24  Zergling x2  
  51  5:27  Zergling x4  
  48  5:34  Zergling x6  
  48  5:35  Zergling x2  
  51  5:38  Zergling x4  
  51  5:40  Baneling x3  
  51  5:41  Baneling  
  53  5:48  Zergling x8  
  57  5:53  Zergling x2  
  57  5:54  Zergling x4  
  57  6:01  Zergling x8  
  54  6:06  Zergling x4  
  54  6:08  Zergling x2  
  53  6:16  Roach x2  
  53  6:17  Overlord  
  57  6:20  Baneling x4  
  55  6:36  Overlord  
  55  6:37  Zergling x8  
  55  6:38  Zergling x2  
  60  6:40  Zergling x6  
  60  6:42  Baneling  
  63  6:47  Zergling x4  
  64  6:54  Zergling x4  
  64  6:57  Queen  
  64  6:58  Zergling x2  
  64  6:59  Zergling x2  
  67  7:05  Zergling x2  
  67  7:06  Baneling  
  64  7:10  Zergling x6  
  64  7:14  Zergling x6  
  53  7:23  Zergling x4  
  53  7:28  Zergling x2  
  55  7:33  Zergling x6  
  55  7:34  Zergling x2  
  55  7:36  Zergling x4  
  57  7:38  Baneling  
Show
View Real Time Build Order
Export as new Build Order

Aegwynn Zerg 

Build Orders: Hatch First, Zergling Baneling 

Get SALT Encoding   

  12  0:01  Drone  
  13  0:12  Overlord  
  13  0:17  Drone  
  14  0:31  Drone x2  
  14  0:35  Drone  
  17  0:56  Hatchery  
  16  0:58  Drone  
  16  1:00  Drone  
  16  1:03  Extractor  
  17  1:19  Spawning Pool  
  17  1:20  Drone  
  17  1:26  Drone  
  18  1:34  Drone  
  19  1:44  Overlord  
  19  1:53  Drone  
  20  2:08  Queen  
  20  2:10  Queen, Metabolic Boost  
  20  2:13  Drone  
  25  2:16  Drone  
  25  2:19  Drone  
  27  2:39  Hatchery  
  26  2:45  Baneling Nest  
  26  2:48  Drone  
  26  2:50  Drone  
  27  2:53  Zergling x2  
  27  2:55  Zergling x2  
  28  3:17  Drone  
  29  3:23  Zergling x10  
  29  3:24  Overlord  
  33  3:30  Drone  
  34  3:35  Zergling x4  
  36  3:44  Zergling x8  
  40  3:48  Zergling x2  
  40  3:53  Baneling x4  
  40  3:55  Zergling x2  
  41  3:57  Baneling  
  40  4:10  Zergling x2  
  40  4:11  Zergling x8  
  41  4:18  Zergling x2  
  41  4:19  Zergling x4  
  42  4:26  Baneling  
  42  4:29  Zergling x4  
  44  4:37  Zergling x8  
  41  4:48  Zergling x2  
  41  4:50  Baneling x4  
  41  4:51  Zergling x2  
  41  4:52  Zergling x4  
  43  5:08  Zergling x10  
  46  5:15  Zergling x2  
  46  5:16  Zergling x6  
  46  5:20  Baneling x3  
  46  5:25  Zergling x4  
  42  5:37  Baneling x4  
  42  5:43  Zergling x8  
  43  6:03  Zergling x16  
  42  6:13  Zergling x2  
  42  6:14  Zergling x6  
  42  6:26  Zergling x2  
  42  6:27  Zergling x6  
  43  6:33  Baneling  
  43  6:34  Baneling  
  43  6:38  Baneling x4  
  43  6:40  Zergling x4  
  41  6:56  Zergling x2  
  41  6:57  Zergling x12  
  40  7:14  Zergling x12  
  41  7:18  Baneling  
  34  7:23  Zergling x2  
  34  7:29  Zergling x6  
Tags
 
Add a new tag
Caveats
  • Supply blocks, unpowered buildings, or Contaminate may cause inaccurate times.
  • Supply counts are checked every 10 seconds.